 Dungeon Crawl Stone Soup version 0.28.0-53-g5a82cb258f (webtiles) character file.

Game seed: 18390441383671380174

18 Descartes the Sneak (level 2, 0/16 HPs)
             Began as a Spriggan Delver on Aug 14, 2022.
             Succumbed to an orc's poison
             ... on level 4 of the Dungeon.
             The game lasted 00:01:01 (102 turns).

Descartes the Sneak (Spriggan Delver)                Turns: 102, Time: 00:01:01

Health: 0/16       AC:  2    Str:  8    XL:     2   Next: 48%
Magic:  3/3        EV: 18    Int: 11    God:
Gold:   0          SH:  0    Dex: 16    Spells: 1/1 levels left

rFire   . . .      SeeInvis +   a - +0 short sword
rCold   . . .      Faith    .   (no shield)
rNeg    . . .      Spirit   .   b - +0 robe
rPois   .          Reflect  .   (helmet restricted)
rElec   .          Harm     .   (no cloak)
rCorr   .          Rampage  .   (gloves unavailable)
Will    .....                   (boots unavailable)
Stlth   ++++......              (no amulet)
HPRegen 0.05/turn               (no ring)
MPRegen 0.08/turn               (no ring)

@: lethally poisoned (0 -> -5), very quick
A: very small, no large weapons, unfitting armour, see invisible, speed 3
a: no special abilities


You were on level 4 of the Dungeon.
You visited 1 branch of the dungeon, and saw 2 of its levels.

Inventory:

Hand Weapons
 a - a +0 short sword (weapon)
Missiles
 h - 47 stones (quivered)
Armour
 b - a +0 robe (worn)
Wands
 g - a wand of digging (3)
 j - a wand of polymorph (9)
Scrolls
 c - a scroll of fog
 d - 2 scrolls of magic mapping
 e - a scroll of fear
 i - a scroll of enchant weapon {unknown}
Potions
 f - a potion of haste


   Skills:
 - Level 2.4 Fighting
 + Level 2.7 Short Blades
 + Level 3.3 Dodging
 + Level 7.6 Stealth


You had one spell level left.
You didn't know any spells.
Your spell library was empty.

Dungeon Overview and Level Annotations

Branches:
Dungeon (5/15)
 Temple: D:4-7

Altars:


Innate Abilities, Weirdness & Mutations

You are very small and have problems with some larger weapons.
You are too small for most types of armour.
You have supernaturally acute eyesight. (SInv)
You cover ground extremely quickly. (Speed+++)


Message History

The orc misses you.
You climb upwards.
There is a stone staircase leading down here.
Found 9 gold pieces.
Found a scroll of magic mapping.
Found 8 gold pieces.
d - 2 scrolls of magic mapping (gained 1)
You see here 9 gold pieces.
The hound skeleton bites you.
You see here 9 gold pieces.
You see here 8 gold pieces.
You hit the hound skeleton.
The hound skeleton is lightly damaged.
The hound skeleton bites you. The hound skeleton misses you.
You hit the hound skeleton.
The hound skeleton is moderately damaged.
The hound skeleton barely misses you.
You barely miss the hound skeleton.
The hound skeleton is moderately damaged.
The hound skeleton completely misses you.
You hit the hound skeleton.
The hound skeleton is heavily damaged.
The hound skeleton closely misses you.
You hit the hound skeleton.
The hound skeleton is severely damaged.
The hound skeleton misses you.
You hit the orc but do no damage. You hit the orc.
The orc is moderately wounded.
The orc hits you with a +2 war axe of venom.
You are lethally poisoned!
You barely miss the orc.
The orc is moderately wounded.
* * * LOW HITPOINT WARNING * * *
You feel sick. The orc barely misses you.
You hit the orc.
The orc is heavily wounded.
* * * LOW HITPOINT WARNING * * *
You feel sick. The orc closely misses you.
You die...

############
#.....@.o.Z########
#.########........#
#.$.$....#
#........####
#.###........ #.#
#.######## #.# #.#
...... #.# #.#
....# #.###.##...S#


You could see an orc and a hound skeleton.

Vanquished Creatures
  2 adders (D:5)
2 creatures vanquished.

Notes
Turn   | Place    | Note
-------+----------+-------------------------------------------
     0 | D:5      | Descartes the Spriggan Delver began the quest for the Orb.
     0 | D:5      | Reached XP level 1. HP: 11/11 MP: 2/2
    39 | D:5      | Reached XP level 2. HP: 16/16 MP: 3/3
    71 | D:4      | Noticed an ogre
   102 | D:4      | Succumbed to an orc's poison

Illustrated notes

Levels and vault maps discovered:
D:4:      layout_basic
D:5:      layout_cave_pools, columned_hall_lemuel, kennysheep_another_room

Skill      XL: |  1 |
---------------+----+-----
Dodging        | 3 |  3.3
Fighting       | |  2.4
Short Blades   | |  2.7
Stealth        | |  7.6

Action                   || total
-------------------------++-------
Melee: Short sword       ||    13
 Stab: Sleeping          ||     2
Armor: Robe              ||     1
Dodge: Dodged            ||    11
